 Dungeon Crawl Stone Soup version 0.28.0-1-gb440e238dd (webtiles) character file.

Game seed: 4432042113581918947

691 a3don the Shield-Bearer (level 7, -11/44 HPs)
             Began as a Gargoyle Fighter on Feb 20, 2022.
             Was an Initiate of Fedhas.
             Killed from afar by Ijyb (20 damage)
             ... with a bolt of acid
             ... on level 5 of the Dungeon.
             The game lasted 00:06:16 (5680 turns).

a3don the Shield-Bearer (Gargoyle Fighter)          Turns: 5680, Time: 00:06:18

Health: -11/44     AC:  9    Str: 20    XL:     7   Next: 63%
Magic:  10/10      EV:  9    Int: 10    God:    Fedhas [......]
Gold:   257        SH:  4    Dex:  9    Spells: 10/11 levels left

rFire   . . .      SeeInvis +   a - +0 flail
rCold   . . .      Faith    .   c - +0 buckler
rNeg    + . .      Spirit   .   b - +0 scale mail
rPois   ∞          Reflect  .   (no helmet)
rElec   +          Harm     .   (no cloak)
rCorr   .          Rampage  .   g - +0 pair of gloves
Will    .....                   (no boots)
Stlth   ..........              (no amulet)
HPRegen 0.14/turn               o - ring of see invisible
MPRegen 0.12/turn               A - ring of wizardry

@: corroded
A: sickness immunity, AC +4, negative energy resistance 1, electricity
resistance, torment resistance 1, petrification resistance
a: Renounce Religion


You were on level 5 of the Dungeon.
You worshipped Fedhas.
Fedhas was noncommittal.
You visited 2 branches of the dungeon, and saw 6 of its levels.

You collected 257 gold pieces.

Inventory:

Hand Weapons
 a - a +0 flail (weapon)
 p - a +0 dagger of pain
Missiles
 d - 6 poisoned darts
 k - 4 javelins (quivered)
 y - 39 stones
Armour
 b - a +0 scale mail (worn)
 c - a +0 buckler (worn)
 g - a +0 pair of gloves (worn)
Magical Staves
 s - a staff of death
Jewellery
 o - a ring of see invisible (left hand)
 A - a ring of wizardry (right hand)
Wands
 t - a wand of flame (21)
Scrolls
 e - a scroll of fog {unknown}
 f - 2 scrolls of identify {unknown}
 h - 2 scrolls of amnesia {unknown}
 i - a scroll of brand weapon {unknown}
 l - 4 scrolls of teleportation {unknown}
 q - 2 scrolls of torment {unknown}
 r - a scroll of enchant armour {unknown}
 v - a scroll of fear {unknown}
 x - a scroll of holy word {unknown}
 z - a scroll of noise {unknown}
Potions
 j - 2 potions of flight {unknown}
 m - a potion of cancellation {unknown}
 n - 4 potions of curing {unknown}
 u - a potion of haste {unknown}
 w - a potion of invisibility {unknown}


   Skills:
 + Level 4.8 Fighting
 + Level 3.8 Maces & Flails
 + Level 4.8 Armour
 + Level 5.0 Shields
 + Level 2.6 Spellcasting
 + Level 3.4 Earth Magic
 + Level 0.0 Invocations


You had 10 spell levels left.
You knew the following spells:

 Your Spells              Type           Power      Damage    Failure   Level
a - Sandblast             Erth           16%        2d6       11%         1

Your spell library contained the following spells:

 Spells                   Type           Power      Damage    Failure   Level
 Passwall                 Tmut/Erth      3%         N/A       30%         2
 Stone Arrow              Conj/Erth      8%         3d7       50%         3
 Scorch                   Fire           2%         2d5       52%         2
 Flame Wave               Conj/Fire      1%         2d4       98%         4
 Summon Cactus Giant      Summ           0%         N/A       100%        6


Dungeon Overview and Level Annotations

Branches:
Dungeon (5/15)             Temple (1/1) D:5

Altars:
Cheibriados
Dithmenos
Fedhas
Gozag
Hepliaklqana
Kikubaaqudgha
Makhleb
Nemelex Xobeh
Okawaru
Qazlal
Sif Muna
Trog
Uskayaw
Vehumet
Xom
The Shining One

Annotations:
D:5 Ijyb


Innate Abilities, Weirdness & Mutations

You are immune to sickness and miasma.
Your stone body is resilient. (AC +4)
You are immune to poison.
You resist negative energy. (rN+)
You are resistant to electric shocks. (rElec)
You are resistant to unholy torment.
You are immune to petrification.


Message History

The plants of the dungeon cease their hostilities.
(D) Dungeon (T) Temple
Where to? (Enter - Temple, ? - help)
There is a staircase back to the Dungeon here.
You climb upwards.
Welcome back to the Dungeon!
There is a staircase to the Ecumenical Temple here.
l - 4 scrolls labelled YMEEMMU TOOMP (gained 1) Ijyb the Twisted Goblin comes into view.
She is wielding a +0 club and carrying a wand of acid (4).
Found 14 gold pieces.
Ijyb shouts!
Ijyb is nearby!
Ijyb is nearby!
Ijyb is nearby!
Ijyb zaps a wand.
The bolt of acid hits you!
Found a plate armour.
You miss Ijyb. Ijyb hits you with a +0 club.
You hit Ijyb.
Ijyb is lightly wounded.
Ijyb closely misses you.
You hit Ijyb.
Ijyb is heavily wounded.
Ijyb hits you but does no damage. Ijyb barely misses you.
You hit Ijyb.
Ijyb is severely wounded.
Ijyb screams, "Get away!"
Ijyb barely misses you.
You barely miss Ijyb.
Ijyb is severely wounded.
Ijyb zaps a wand.
The bolt of acid hits you!
* * * LOW HITPOINT WARNING * * *
The acid corrodes you!
You are too injured to fight recklessly!
You are too injured to fight recklessly!
You barely miss Ijyb.
Ijyb is severely wounded.
Ijyb hits you with a +0 club.
* * * LOW HITPOINT WARNING * * *
Ijyb zaps a wand.
The bolt of acid hits you!!
You die...
Fedhas appreciates your contribution to the ecosystem.

..........###
............#### ...$ [.
.#.............##.......
.#...............#.##...
........................
......##................
#.....##................
#.....##.......##.......
#......#........@g......
#......#....##..........
# #....##.....#####
#....######.... ######
####


You could see Ijyb.

Vanquished Creatures
  A water moccasin (D:4)
  A water moccasin zombie (D:5)
  A water moccasin skeleton (D:4)
  A jelly (D:2)
  3 hounds
  An orc priest (D:3)
  2 bullfrog skeletons (D:4)
  An iguana (D:5)
  3 orc wizards (D:3)
  A hound skeleton (D:4)
  A gnoll (D:4)
  5 adders
  An adder skeleton (D:4)
  A worm (D:3)
  2 dart slugs
  12 orcs
  3 endoplasms
  5 giant cockroaches
  4 goblins
  6 hobgoblins
  7 jackals
  7 kobolds
  3 quokkas
  7 ball pythons
  6 bats
  2 frilled lizards
  5 rats
92 creatures vanquished.

Vanquished Creatures (others)
  2 plants (D:1)
2 creatures vanquished.

Grand Total: 94 creatures vanquished

Notes
Turn   | Place    | Note
-------+----------+-------------------------------------------
     0 | D:1      | a3don the Gargoyle Fighter began the quest for the Orb.
     0 | D:1      | Reached XP level 1. HP: 14/14 MP: 1/1
   229 | D:1      | Reached XP level 2. HP: 19/19 MP: 2/2
   348 | D:1      | Learned a level 1 spell: Sandblast
  1226 | D:2      | Reached XP level 3. HP: 20/23 MP: 3/3
  1646 | D:2      | Reached skill level 1 in Earth Magic
  1646 | D:2      | Reached XP level 4. HP: 10/29 MP: 3/5
  2039 | D:2      | Found a faded altar of an unknown god.
  2155 | D:3      | Reached skill level 1 in Spellcasting
  2455 | D:3      | Reached skill level 4 in Shields
  2455 | D:3      | Reached XP level 5. HP: 28/33 MP: 6/6
  3224 | D:3      | Reached XP level 6. HP: 6/38 MP: 8/8
  4553 | D:4      | Noticed a water moccasin
  4556 | D:4      | Reached XP level 7. HP: 41/44 MP: 10/10
  4881 | D:5      | Entered Level 5 of the Dungeon
  5234 | D:5      | Reached skill level 5 in Shields
  5431 | D:5      | Found a staircase to the Ecumenical Temple.
  5462 | Temple   | Entered the Ecumenical Temple
  5643 | Temple   | Became a worshipper of Fedhas Madash
  5671 | D:5      | Noticed Ijyb
  5680 | D:5      | Killed from afar by Ijyb

Illustrated notes

Levels and vault maps discovered:
D:1:      eino_arrival_water_cross, layout_loops_corners, minmay_3d_cube
D:2:      layout_basic, chequers_ecumenical_altar_twisty, minmay_statues_item
D:3:      layout_loops_cross
D:4:      cheibrodos_barr_body, layout_basic
D:5:      layout_basic, yredelemnul_altar_generic, minmay_temple_entry_junction,
          uniq_ijyb, uniq_sigmund
Temple:   eino_temple_rhombus

Skill      XL: |  1  2  3  4  5  6  7 |
---------------+----------------------+-----
Earth Magic    | 1 2 3 |  3.4
Spellcasting   | 1 2 |  2.6
Armour         | 4 |  4.8
Shields        | 4 5 |  5.0
Fighting       | 4 |  4.8
Maces & Flails | 3 |  3.8

Action                   |  1- 3 |  4- 6 |  7- 9 || total
-------------------------+-------+-------+-------++-------
Melee: Flail             |   106 |   215 |    67 ||   388
Throw: Javelin           |       |     3 |       ||     3
  Use: Potion            |       |     2 |       ||     2
Armor: Scale mail        |    96 |   157 |    43 ||   296
Dodge: Dodged            |    71 |   108 |    21 ||   200
Block: Buckler           |    39 |    51 |    13 ||   103
